 Dungeon Crawl Stone Soup version 0.17-a0-491-gbd49765 (webtiles) character file.

163 Radiman the Chopper (level 5, 0/45 HPs)
             Began as a Hill Orc Berserker on Apr 9, 2015.
             Was a Priest of Trog.
             Slain by a ball python (1 damage)
             ... on level 3 of the Dungeon.
             The game lasted 00:07:10 (2642 turns).

Radiman the Chopper (Hill Orc Berserker)            Turns: 2642, Time: 00:07:10

Health: 0/45       AC:  8    Str: 21    XL:     5   Next: 44%
Magic:  5/5        EV:  4    Int: 11    God:    Trog [***...]
Gold:   112        SH:  0    Dex: 10    Spells: 0 memorised, 4 levels left

rFire  . . .     SeeInvis .     a - +0 hand axe
rCold  . . .     Clarity  +     p - +0 chain mail
rNeg   . . .     SustAb   .     (no shield)
rPois  .         Gourm    .     (no helmet)
rElec  .         Spirit   .     (no cloak)
rCorr  .         Warding  .     (no gloves)
rMut   .         Stasis   .     (no boots)
MR     .....                    o - amulet of clarity
Stlth  ..........               (no ring)
                                j - +4 ring of intelligence

@: constricted, drained, not resistant to hostile enchantments, extremely
unstealthy
A: no striking features
a: Burn Spellbooks, Berserk, Trog's Hand, Renounce Religion


You were on level 3 of the Dungeon.
You worshipped Trog.
Trog was most pleased with you.
You were not hungry.

You visited 1 branch of the dungeon, and saw 3 of its levels.

You collected 112 gold pieces.

Inventory:

Hand weapons
 a - a +0 hand axe (weapon)
Armour
 p - a +0 chain mail (worn)
Jewellery
 j - a +4 ring of intelligence (left hand)
 o - an amulet of clarity (around neck)
Scrolls
 d - 2 scrolls of blinking {unknown}
 e - a scroll of recharging {unknown}
 h - 4 scrolls of identify {unknown}
 m - a scroll of enchant weapon {unknown}
 n - 2 scrolls of remove curse {unknown}
Potions
 b - a potion of restore abilities {unknown}
 g - a potion of agility {unknown}
Comestibles
 c - 2 bread rations
 f - 2 meat rations
 i - 2 chunks of flesh
 k - a slice of pizza


   Skills:
 - Level 3.6(3.0) Fighting
 * Level 7.9(7.3) Axes
 - Level 2.1(1.6) Armour
 - Level 1.5(1.0) Dodging


You had 4 spell levels left.
You didn't know any spells.

Dungeon Overview and Level Annotations

Branches:
Dungeon (3/15)

Altars:
Elyvilon


Message History

You kill the orc!
Trog accepts your kill.
You barely miss the orc. The orc misses you.
The orc hits you but does no damage.
You hit the orc.
The orc is moderately wounded.
You hit the ball python.
The ball python is severely wounded.
The orc hits you but does no damage.
The ball python bites you but does no damage.
The ball python grabs you. The ball python constricts you.
The orc hits you from afar with a trident.
* * * LOW HITPOINT WARNING * * *
Unknown command.
You hit the orc.
The orc is moderately wounded.
You closely miss the ball python.
The ball python is severely wounded.
The ball python bites you but does no damage.
You die...

.........
.........#
........(.#
..........<##
............
..........#
#.....# #S#
#@# #o# . #o#
..# #.# #..##
#.# #....# #.#
#..#..###
###### #.#
#........
.#.....##†# #.
#..#...†.
........#.#
#..####.#.....


You could see 2 orcs and a ball python.

Vanquished Creatures
  An orc priest (D:3)
  An orc wizard (D:3)
  3 adders (D:2)
  A worm (D:2)
  3 giant geckos
  4 oozes
  5 orcs (D:3)
  4 giant cockroaches
  4 goblins
  6 hobgoblins
  3 jackals (D:3)
  8 bats
  3 giant newts
  9 kobolds
  6 rats
61 creatures vanquished.

Notes
Turn   | Place    | Note
--------------------------------------------------------------
     0 | D:1      | Radiman, the Hill Orc Berserker, began the quest for the Orb.
     0 | D:1      | Reached XP level 1. HP: 19/19 MP: 1/1
   327 | D:1      | Reached XP level 2. HP: 23/26 MP: 2/2
   573 | D:1      | Reached skill level 5 in Axes
  1037 | D:1      | Reached XP level 3. HP: 29/31 MP: 3/3
  1078 | D:2      | Found a white marble altar of Elyvilon.
  1125 | D:2      | Acquired Trog's second power
  1409 | D:2      | Reached skill level 6 in Axes
  1710 | D:2      | Reached XP level 4. HP: 39/39 MP: 4/4
  2258 | D:3      | Reached skill level 7 in Axes
  2258 | D:3      | Reached XP level 5. HP: 21/45 MP: 5/5
  2636 | D:3      | HP: 1/45 [orc/mace (4)]
  2641 | D:3      | HP: 1/45 [orc/trident (1)]
  2642 | D:3      | Slain by a ball python

Action                   |  1- 3 |  4- 6 || total
-------------------------+-------+-------++-------
Melee: Hand axe          |   136 |    84 ||   220
  Eat: Chunk             |     3 |     3 ||     6
